 Dungeon Crawl Stone Soup version 0.28-a0-957-g42eb19b844 (webtiles) character file.

Game seed: 3013190014144129500

192 a11behringer the Cudgeller (level 5, 0/53 HPs)
             Began as a Troll Berserker on Dec 1, 2021.
             Was a Believer of Trog.
             Slain by a hobgoblin (4 damage)
             ... led by Robin
             ... on level 4 of the Dungeon.
             The game lasted 00:08:07 (2160 turns).

a11behringer the Cudgeller (Troll Berserker)        Turns: 2160, Time: 00:08:08

Health: 0/53       AC:  5    Str: 27    XL:     5   Next: 42%
Magic:  4/4        EV: 10    Int:  3    God:    Trog [**....]
Gold:   218        SH:  0    Dex:  9    Spells: 4/4 levels left

rFire   . . .      SeeInvis .   a - +0 mace
rCold   . . .      Faith    .   (no shield)
rNeg    . . .      Spirit   .   b - +0 animal skin
rPois   .          Reflect  .   f - +1 hat
rElec   .          Harm     .   (no cloak)
rCorr   .          Rampage  .   (gloves unavailable)
Will    ++...                   (boots unavailable)
Stlth   +.........              (no amulet)
HPRegen 1.97/turn               (no ring)
MPRegen 0.09/turn               (no ring)

@: strong-willed, on berserk cooldown, regenerating, slowed, very slow
A: large, unfitting armour, claws 3, regeneration 1, shaggy fur 1, tough skin 1
a: Renounce Religion, Berserk, Trog's Hand


You were on level 4 of the Dungeon.
You worshipped Trog.
Trog was pleased with you.
You visited 1 branch of the dungeon, and saw 4 of its levels.

You collected 218 gold pieces.

Inventory:

Hand Weapons
 a - a +0 mace (weapon)
Missiles
 d - 31 poisoned darts (quivered)
Armour
 b - a +0 animal skin (worn)
 f - a +1 hat (worn)
Jewellery
 j - an amulet of reflection
Scrolls
 g - 2 scrolls of identify {unknown}
 i - a scroll of enchant weapon {unknown}
 l - a scroll of vulnerability {unknown}
Potions
 c - a potion of degeneration {unknown}
 e - a potion of invisibility {unknown}
 h - a potion of haste {unknown}
 k - a potion of flight {unknown}
 m - a potion of lignification {unknown}
 n - a potion of curing {unknown}


   Skills:
 + Level 3.0 Fighting
 * Level 4.7 Maces & Flails
 + Level 3.2 Dodging


You had 4 spell levels left.
You didn't know any spells.
Your spell library was empty.

Dungeon Overview and Level Annotations

Branches:
Dungeon (4/15)
 Temple: D:4-7

Altars:


Innate Abilities, Weirdness & Mutations

You are too large for most types of armour.
You have claws for hands.
Your natural rate of healing is unusually fast.
You are covered in fur. (AC +1)
You have tough skin. (AC +1)


Message History

You hit the hobgoblin.
You kill the hobgoblin!
Trog accepts your kill. The goblin hits you but does no damage.
The hobgoblin closely misses you.
You sock the ice beast!
The ice beast is moderately wounded.
The ice beast hits you. The ice beast freezes you!
The goblin barely misses you.
You barely miss the ice beast.
The ice beast is moderately wounded.
You are no longer berserk.
You are exhausted.
You feel yourself slow down.
Your skin stops crawling.
You feel less strong-willed. The goblin hits you but does no damage.
The ice beast hits you. The ice beast freezes you!
You closely miss the ice beast.
The ice beast is moderately wounded.
The hobgoblin barely misses you. The goblin hits you with a +0 club.
The ice beast hits you. The ice beast freezes you!
The goblin closely misses you. The hobgoblin hits you.
* * * LOW HITPOINT WARNING * * *
You barely miss the ice beast.
The ice beast is moderately wounded.
The goblin closely misses you.
The ice beast hits you but does no damage.
The goblin misses you. The hobgoblin closely misses you.
The goblin closely misses you. The ice beast closely misses you.
The goblin barely misses you. The hobgoblin hits you.
* * * LOW HITPOINT WARNING * * *
Your skin crawls.
You feel strong-willed. The goblin hits you but does no damage.
The ice beast hits you.
* * * LOW HITPOINT WARNING * * *
The ice beast freezes you!
* * * LOW HITPOINT WARNING * * *
The goblin hits you with a +0 dagger of holy wrath.
* * * LOW HITPOINT WARNING * * *
The hobgoblin hits you.
You die...

#.........+
#.........#
#..†......#
##########.........#
........##....##...#
.......>##....# ###
......+.....##..##
#.)g##..<.......
##.Y@##....##....
#..gg##....# .##
#..........## #
#...........#
#.....>.....+
##...####..## #...#
#..# ...... #....
....... #......


You could see an ice beast, a hobgoblin and 2 goblins.

Vanquished Creatures
  A centaur skeleton (D:4)
  A howler monkey zombie (D:4)
  Robin (D:4)
  5 adders
  4 worms
  3 dart slugs
  10 ball pythons
  3 bats
  7 endoplasms
  2 giant cockroaches (D:2)
  14 goblins
  8 hobgoblins
  2 quokkas
  4 frilled lizards
  5 kobolds
  6 rats
76 creatures vanquished.

Vanquished Creatures (others)
  A plant (D:3)
1 creature vanquished.

Grand Total: 77 creatures vanquished

Notes
Turn   | Place    | Note
-------+----------+-------------------------------------------
     0 | D:1      | a11behringer the Troll Berserker began the quest for the
                  | Orb.
     0 | D:1      | Reached XP level 1. HP: 22/22 MP: 0/0
   268 | D:1      | Reached skill level 3 in Maces & Flails
   319 | D:1      | Reached XP level 2. HP: 28/29 MP: 1/1
   733 | D:2      | Reached XP level 3. HP: 36/36 MP: 2/2
   842 | D:2      | Reached ** piety under Trog
   979 | D:2      | Reached XP level 4. HP: 25/44 MP: 3/3
  1298 | D:2      | Reached skill level 4 in Maces & Flails
  2114 | D:4      | Reached XP level 5. HP: 36/53 MP: 4/4
  2133 | D:4      | Noticed Robin
  2144 | D:4      | Killed Robin
  2149 | D:4      | Noticed an ice beast
  2155 | D:4      | Reached *** piety under Trog
  2160 | D:4      | Slain by a hobgoblin

Illustrated notes

Levels and vault maps discovered:
D:1:      heliophobic_arrival_enchanted_forest, layout_basic, st_stairs_2
D:2:      layout_basic, serial_rivers, chequers_serial_rivers_small_3,
          chequers_serial_rivers_large_b, chequers_serial_rivers_marsh,
          chequers_serial_rivers_small_a, chequers_serial_rivers_large_a,
          minmay_goblin_outpost
D:3:      layout_rooms, serial_bayou_pond_c, hex_medium, st_stairs_5,
          minivault_4
D:4:      layout_gridville, slow_altar_2, nicolae_ossuary_entry_ruins,
          minmay_pentomino_pile, uniq_robin, uniq_blork_the_orc

Skill      XL: |  1  2  3  4 |
---------------+-------------+-----
Maces & Flails | 3 4 |  4.7
Fighting       | 3 |  3.0
Dodging        | 3 |  3.2

Action                   |  1- 3 |  4- 6 || total
-------------------------+-------+-------++-------
Melee: Mace              |   105 |   142 ||   247
Throw: Dart              |       |     4 ||     4
Invok: Berserk           |     1 |     1 ||     2
       Trog's Hand       |       |     2 ||     2
 Stab: Sleeping          |     1 |       ||     1
Armor: Animal skin       |    59 |   105 ||   164
Dodge: Dodged            |    73 |   137 ||   210

Table legend: (Time is in decaauts)
 A = Elapsed time spent in this place.
 B = Non-inter-level travel time spent in this place.
 C = Inter-level travel time spent in this place.
 D = Time resting spent in this place.
 E = Time spent auto-exploring this place.
 F = Levels seen in this place.
 G = Mean time per level.
                   A        B        C        D        E       F      G
               +--------+--------+--------+--------+--------+-----+--------+
         Total |   2272 |   1837 |    435 |      0 |   1289 |   4 |  568.0 |
       Dungeon |   2272 |   1837 |    435 |      0 |   1289 |   4 |  568.0 |
               +--------+--------+--------+--------+--------+-----+--------+

Top non-repeatable levels by time:
     D:2: 963 daAuts
     D:1: 740 daAuts
     D:3: 502 daAuts
     D:4: 66 daAuts
